Map: Coda LE (Void)

Players

IIIIIIIIIIII

  • Race: Protoss Protoss
  • League: Grandmaster

Queens - Winner!

  • Race: Zerg Zerg
  • League: Grandmaster

VOD

Have the link to the VOD?

Description

Time

  • Played on: June 22, 2015, 11:03 a.m.
  • Length: 4:19
Show
View Real Time Build Order
Export as new Build Order

IIIIIIIIIIII Protoss 

Build Orders: Cannon Rush 

Get SALT Encoding   

  12  0:00  Probe  
  13  0:18  Probe  
  14  0:22  Pylon  
  14  0:40  Probe (Chrono Boost)  
  15  0:44  Forge  
  16  0:50  Probe (Chrono Boost)  
  16  0:57  Probe (Chrono Boost)  
  17  1:09  Probe (Chrono Boost)  
  18  1:17  Pylon  
  18  1:18  Pylon  
  18  1:19  Probe, Pylon  
  19  1:32  Probe  
  20  1:35  Photon Cannon  
  20  1:39  Photon Cannon  
  20  1:41  Photon Cannon  
  20  1:45  Photon Cannon  
  20  1:49  Probe (Chrono Boost)  
  21  1:59  Probe (Chrono Boost)  
  22  2:06  Probe (Chrono Boost)  
  23  2:17  Probe (Chrono Boost)  
  24  2:24  Probe (Chrono Boost)  
  24  2:28  Nexus  
  24  2:35  Gateway  
  24  2:38  Probe (Chrono Boost)  
  24  2:42  Assimilator  
  25  2:44  Assimilator  
  25  2:51  Probe (Chrono Boost)  
  26  2:58  Probe (Chrono Boost)  
  27  3:03  Pylon  
  27  3:08  Probe (Chrono Boost)  
  29  3:20  Probe (Chrono Boost)  
  29  3:23  Cybernetics Core  
  29  3:26  Probe (Chrono Boost)  
  30  3:29  Cybernetics Core  
  30  3:37  Probe (Chrono Boost)  
  31  3:47  Pylon  
  32  3:49  Probe (Chrono Boost)  
  32  3:52  Probe (Chrono Boost)  
  33  3:57  Probe (Chrono Boost)  
  33  4:00  Probe (Chrono Boost)  
Show
View Real Time Build Order
Export as new Build Order

Queens Zerg - Winner!

Build Orders: Hatch First 

Get SALT Encoding   

  12  0:01  Drone  
  13  0:13  Overlord  
  13  0:17  Drone  
  14  0:31  Drone x2  
  16  0:36  Drone  
  17  0:55  Hatchery  
  16  0:57  Drone  
  16  1:00  Drone  
  18  1:11  Extractor  
  17  1:17  Spawning Pool  
  16  1:19  Drone  
  16  1:24  Drone  
  18  1:29  Drone  
  19  1:40  Overlord  
  19  2:05  Zergling x4  
  23  2:12  Zergling x2  
  24  2:22  Pneumatized Carapace  
  22  2:23  Zergling x2  
  23  2:33  Hatchery  
  23  2:35  Zergling x2  
  23  2:46  Zergling x2  
  24  2:54  Zergling x2  
  25  3:07  Zergling x2  
  26  3:13  Queen  
  28  3:22  Drone  
  29  3:29  Hatchery, Drone, Roach Warren  
  28  3:39  Drone  
  29  3:48  Overlord  
  29  3:49  Drone  
  30  3:56  Drone  
  30  4:00  Drone  
Tags
 
Add a new tag
Caveats
  • Supply blocks, unpowered buildings, or Contaminate may cause inaccurate times.
  • Supply counts are checked every 10 seconds.